 Dungeon Crawl Stone Soup version 0.32-a0-953-g508020473e (webtiles) character file.

Game seed: 18352496051177830546

630 retardedninja the Chopper (level 7, -2/94 HPs)
             Began as a Mountain Dwarf Fighter on Apr 16, 2024.
             Was a Follower of Cheibriados.
             Succumbed to an orc's poison
             ... on level 5 of the Dungeon.
             The game lasted 00:05:43 (4179 turns).

retardedninja the Chopper (Mountain Dwarf Fighter)  Turns: 4179, Time: 00:05:43

Health: -2/94      AC: 13    Str: 24    XL:     7   Next: 24%
Magic:  7/7        EV:  7    Int: 12    God:    Cheibriados [*.....]
Gold:   180        SH:  9    Dex: 10    Spells: 6/6 levels left

rFire   . . .        s - +0 broad axe
rCold   . . .        c - +0 buckler
rNeg    . . .        x - +0 chain mail
rPois   .            (no helmet)
rElec   .            o - +1 cloak
rCorr   .            (no gloves)
SInv    .            t - +0 pair of boots
Will    .....        k - amulet of reflection Stlth
                     (no ring)
HPRegen 0.35/turn    (no ring)
MPRegen 0.10/turn

%: random rage (3%), reflection
@: brilliant, berserking, lethally poisoned (-2 -> -17), very slow
A: runic magic, artefact enchanting, berserk 1, strong 1
a: Renounce Religion, Bend Time


You were on level 5 of the Dungeon.
You worshipped Cheibriados.
Cheibriados was aware of your devotion.
You visited 1 branch of the dungeon, and saw 5 of its levels.

You collected 180 gold pieces.

Inventory:

Hand Weapons
 s - a +0 broad axe (weapon)
Armour
 c - a +0 buckler (worn)
 o - a +1 cloak (worn)
 t - a +0 pair of boots (worn)
 x - a +0 chain mail (worn)
Magical Staves
 w - a staff of fire
Jewellery
 k - an amulet of reflection (around neck)
Wands
 d - a wand of mindburst (13)
Scrolls
 a - a scroll of revelation {unknown}
 b - a scroll of amnesia {unknown}
 e - 4 scrolls of identify {unknown}
 h - 2 scrolls of teleportation {unknown}
 j - a scroll of immolation
 n - 3 scrolls of enchant weapon {unknown}
 q - 2 scrolls of blinking {unknown}
 u - a scroll of torment {unknown}
 v - a scroll of fog {unknown}
Potions
 f - a potion of degeneration {unknown}
 i - a potion of brilliance


   Skills:
 * Level 6.0 Fighting
 * Level 6.1 Axes
 + Level 4.7 Armour
 + Level 4.6 Shields


You had 6 spell levels left.
You didn't know any spells.
Your spell library contained the following spells:

 Spells                   Type           Power      Damage    Failure   Level
 Haunt                    Necr/Summ      0%         N/A       100%        7
 Borgnjor's Revivificati  Necr           0%         N/A       100%        8
 Death's Door             Necr           0%         N/A       100%        9


Dungeon Overview and Level Annotations

Branches:
Dungeon (5/15)
 Temple: D:4-7

Altars:
Cheibriados
Nemelex Xobeh
Wu Jian


Innate Abilities, Weirdness & Mutations

Your spellcasting is much less encumbered by armour.
You can use scrolls of enchantment on lesser artefacts.
You sometimes lose your temper in combat.
Your muscles are strong. (Str +4, Int/Dex -1)


Message History

The orc priest casts a cantrip, but nothing happens.
Your Fighting skill increases to level 6!
Your Axes skill increases to level 6!
Okay, then.
The orc attacks as it pursues you! The orc hits you but does no damage.
You are poisoned.
The orc hits you but does no damage.
You are lethally poisoned!
It was a potion of mutation.
You feel extremely strange.
You feel a little pissed off.
You feel stronger.
* * * LOW HITPOINT WARNING * * *
You feel very sick.
The orc hits you with a +0 dagger of venom.
* * * LOW HITPOINT WARNING * * *
You are more poisoned.
It was a potion of berserk rage.
A red film seems to cover your vision as you go berserk!
Cheibriados protects you from inadvertent hurry.
You feel mighty!
* * * LOW HITPOINT WARNING * * *
You feel very sick. You block the orc's attack.
You are too berserk!
You hit the orc.
The orc is moderately wounded.
* * * LOW HITPOINT WARNING * * *
You feel very sick. The orc hits you but does no damage.
You are more poisoned.
The orc priest looks satisfied for a moment.
You closely miss the orc.
The orc is moderately wounded.
* * * LOW HITPOINT WARNING * * *
You feel very sick. The orc hits you but does no damage.
Unknown command.
You barely miss the orc.
The orc is moderately wounded.
You die...
Cheibriados appreciates the motionlessness of death.

... ... ... ... # .. .#
#.##### .. ###.#
......# .# #.> #...
##....... .# #.## ##.#
#........ .#
##...####..####.......<
..
(...........@ooo.......
.
......#.#######o.!.....
##.##...#### #........
#.........# #.......?
##....###.# ##.......
#.....####.### ......#
..##.....<...# .###.##
. ...#####.#...#.# .#
...# #........


You could see an orc priest and 3 orcs.

Vanquished Creatures
  2 ice beasts
  A phantom (D:4)
  A howler monkey (D:3)
  2 jellies (D:4)
  A hound (D:4)
  A bombardier beetle (D:4)
  An orc priest (D:5)
  Ijyb (D:4)
  An iguana (D:4)
  5 adders
  2 ufetubi
  A dart slug (D:2)
  4 orcs
  7 ball pythons
  10 bats
  2 endoplasms (D:3)
  3 giant cockroaches
  10 goblins
  9 hobgoblins
  6 kobolds
  2 quokkas (D:4)
  2 frilled lizards
  7 rats
81 creatures vanquished.

Notes
Turn   | Place    | Note
-------+----------+-------------------------------------------
     0 | D:1      | retardedninja the Mountain Dwarf Fighter began the quest
                  | for the Orb.
     0 | D:1      | Reached XP level 1. HP: 19/19 MP: 1/1
   480 | D:1      | Found a faded altar of an unknown god.
   529 | D:1      | Reached XP level 2. HP: 19/26 MP: 2/2
  1067 | D:2      | Reached XP level 3. HP: 24/33 MP: 3/3
  1843 | D:3      | Reached XP level 4. HP: 40/40 MP: 4/4
  2398 | D:3      | Found a snail-covered altar of Cheibriados.
  2450 | D:3      | Became a worshipper of Cheibriados the Contemplative
  2477 | D:4      | Reached XP level 5. HP: 37/47 MP: 5/5
  2723 | D:4      | Found a sparkling altar of Nemelex Xobeh.
  2967 | D:4      | Reached skill level 5 in Fighting
  2970 | D:4      | HP: 1/48 [burnt (3)]
  3190 | D:4      | Found an ornate altar of the Wu Jian Council.
  3379 | D:5      | Entered Level 5 of the Dungeon
  3379 | D:5      | Noticed a phantom
  3405 | D:4      | Killed a phantom
  3405 | D:4      | Reached * piety under Cheibriados
  3406 | D:4      | Reached skill level 5 in Axes
  3406 | D:4      | Reached XP level 6. HP: 46/56 MP: 6/6
  3602 | D:5      | Noticed Ijyb
  3605 | D:5      | Noticed an ice beast
  3614 | D:4      | Killed Ijyb
  3883 | D:4      | Killed an ice beast
  4148 | D:5      | Noticed an ice beast
  4162 | D:5      | Reached XP level 7. HP: 32/62 MP: 7/7
  4175 | D:5      | Gained mutation: You sometimes lose your temper in combat.
                  | [potion of mutation]
  4175 | D:5      | Gained mutation: Your muscles are strong. (Str +4, Int/Dex
                  | -1) [potion of mutation]
  4178 | D:5      | HP: 1/94 [poisoned by an orc]
  4179 | D:5      | Succumbed to an orc's poison

Illustrated notes

Levels and vault maps discovered:
D:1:      dpeg_arrival_water_fire, layout_loops_corners,
          hellmonk_ecumenical_altar_blasted
D:2:      layout_loops_ring
D:3:      layout_loops_ring, mainiacjoe_overflow_alcove_1,
          kennysheep_generic_room_3
D:4:      layout_loops_ring, nemelex_xobeh_ov_fountains_minmay,
          pdpol_wu_jian_five_deadly_venoms
D:5:      cheibrodos_quashed, layout_rooms, uniq_ijyb

Skill      XL: |  1  2  3  4  5  6  7 |
---------------+----------------------+-----
Axes           | 3 4 5 6 |  6.1
Fighting       | 4 5 6 |  6.0
Armour         | 4 |  4.7
Shields        | 4 |  4.6

Action                     |  1- 3 |  4- 6 |  7- 9 || total
---------------------------+-------+-------+-------++-------
  Melee: War axe           |    77 |       |       ||    77
         Broad axe         |    43 |   150 |    14 ||   207
    Use: Potion            |       |     7 |     3 ||    10
 Armour: Scale mail        |    93 |    66 |       ||   159
         Chain mail        |       |    62 |    13 ||    75
  Dodge: Dodged            |    36 |    53 |     1 ||    90
  Block: Buckler           |    71 |   117 |     7 ||   195
         Reflection        |     2 |     3 |       ||     5

Table legend: (Time is in decaauts)
 A = Elapsed time spent in this place.
 B = Non-inter-level travel time spent in this place.
 C = Inter-level travel time spent in this place.
 D = Time resting spent in this place.
 E = Time spent auto-exploring this place.
 F = Levels seen in this place.
 G = Mean time per level.
                   A        B        C        D        E       F      G
               +--------+--------+--------+--------+--------+-----+--------+
         Total |   4523 |   4338 |    185 |    742 |   2756 |   5 |  904.6 |
       Dungeon |   4523 |   4338 |    185 |    742 |   2756 |   5 |  904.6 |
               +--------+--------+--------+--------+--------+-----+--------+

Top non-repeatable levels by time:
     D:4: 1886 daAuts
     D:1: 1069 daAuts
     D:3: 757 daAuts
     D:2: 718 daAuts
     D:5: 91 daAuts
